 Dungeon Crawl Stone Soup version 0.31-a0-210-gccc998df9b (webtiles) character file.

Game seed: 8491010449527471917

1677 qw the Blocker (level 9, -9/52 HPs)
             Began as a Gargoyle Fighter on June 30, 2023.
             Killed by divine providence
             ... invoked by an orc priest
              (15 damage)
             ... on level 8 of the Dungeon.
             The game lasted 00:02:25 (4896 turns).

qw the Blocker (Gargoyle Fighter)                   Turns: 4896, Time: 00:02:26

Health: -9/52      AC: 16    Str: 24    XL:     9   Next: 1%
Magic:  0/9        EV:  6    Int:  9    God:
Gold:   419        SH: 15    Dex:  9    Spells: 8/8 levels left

rFire   + . .        Y - +4 war axe
rCold   . . .        b - +0 tower shield
rNeg    + . .        g - +0 chain mail
rPois   inf          (no helmet)
rElec   +            (no cloak)
rCorr   .            (no gloves)
SInv    +            p - +0 pair of boots
Will    .....        k - amulet of guardian spirit Stlth
                     l - ring of see invisible
HPRegen 0.28/turn    n - ring of protection from fire
MPRegen 0.11/turn

%: guardian spirit
@: no status effects
A: sickness immunity, AC +6, negative energy resistance 1, electricity
resistance, torment resistance 1, petrification resistance
a: no special abilities


You were on level 8 of the Dungeon.
You visited 2 branches of the dungeon, and saw 8 of its levels.

You collected 419 gold pieces.


Innate Abilities, Weirdness & Mutations

You are immune to sickness and miasma.
Your stone body is resilient. (AC +6)
You are immune to poison.
You resist negative energy. (rN+)
You are resistant to electric shocks. (rElec)
You are resistant to unholy torment.
You are immune to petrification.


   Skills:
 - Level 4.0 Fighting
 + Level 6.2 Axes
 - Level 3.2 Armour
 - Level 1.1 Dodging
 - Level 10.0 Shields


You had 8 spell levels left.
You didn't know any spells.
Your spell library was empty.

Inventory:

Hand Weapons
 a - a +2 flail of venom
 Y - a +4 war axe (weapon)
Armour
 b - a +0 tower shield (worn)
 g - a +0 chain mail (worn)
 p - a +0 pair of boots (worn)
Jewellery
 k - an amulet of guardian spirit (around neck)
 l - a ring of see invisible (left hand)
 n - a ring of protection from fire (right hand)
 o - a ring of see invisible
Scrolls
 i - a scroll of identify
Potions
 d - a potion of might
 e - a potion of curing
 f - a potion of cancellation
 h - a potion of resistance
 m - a potion of berserk rage {unknown}

Dungeon Overview and Level Annotations

Branches:
Dungeon (8/15)             Temple (1/1) D:4            Lair (0/5) D:8

Altars:
Ashenzari
Dithmenos
Elyvilon
Fedhas
Gozag
Hepliaklqana
Makhleb
Nemelex Xobeh
Ru
Trog
Uskayaw
Vehumet
Wu Jian
Xom
Yredelemnul
Zin

Annotations:
D:2 exclusion: adder
D:8 exclusion: 4 wights


Message History

The wight is lightly damaged.
The wight hits you but does no damage. You block the wight's attack.
You slash the wight!
The wight is severely damaged.
You block the wight's attack. x2; The wight hits you with a +4 scimitar!
The wight barely misses you.
You slash the wight!
You destroy the wight!
You block the wight's attack.
An orc priest comes into view. It is wielding a +0 mace.
Found a sapphire potion.
The orc priest shouts!
You block the wight's attack.
The orc priest moves out of view.
An orc warrior comes into view. It is wielding a +0 flail.
Items here: ( ))) [[[.
The orc warrior shouts!
You slash the wight!
The wight is heavily damaged.
You hear a shout!
The wight hits you but does no damage.
An orc priest comes into view. It is wielding a +0 hand axe.
The orc priest shouts!
You hit the wight.
The wight is heavily damaged.
An orc wizard comes into view. It is wielding a +0 dagger.
The wight hits you but does no damage. You block the wight's attack.
An orc comes into view. It is wielding a +0 flail.
The orc wizard shouts!
You slash the wight!
You destroy the wight!
The orc priest calls down the wrath of Beogh upon you.
Beogh smites you!
Your Shields skill increases to level 10!
You have reached level 9!
Your experience leads to an increase in your attributes!
Increase (S)trength, (I)ntelligence, or (D)exterity?
You feel stronger. x2
The orc priest invokes the aid of Beogh against you.
Beogh smites you!
You die...

~z~_~.~.¤¤~.~...#
~.¤~¤¤~~~¤~.~.#.#
¤...¤z~.....~.#.#
~~~~¤~¤.~~~~~.#.#
....¤¤........#.# #
####......#####.# .#
#
#####......))##.#'###
#.######.o....... #.#
#.@o.o.... ##.#
#..oo..... #>:#
#..!...... ####
#......... #.........
#......... #.........
######'###


You could see an orc warrior, 2 orc priests, an orc wizard and an orc.

Vanquished Creatures
  A yak (D:6)
  A wyvern (D:5)
  Edmund (D:5)
  A black bear (D:5)
  An ice beast (D:5)
  A centaur (D:5)
  3 phantoms
  4 wights (D:8)
  A howler monkey (D:4)
  2 jellies (D:5)
  3 hounds
  A gnoll bouda (D:4)
  2 orc wizards (D:5)
  A sleepcap (D:6)
  2 iguanas
  8 gnolls
  9 adders
  A white imp (D:8)
  A worm (D:4)
  2 dart slugs
  4 orcs
  5 ball pythons
  5 endoplasms
  4 giant cockroaches
  6 goblins
  7 hobgoblins
  3 jackals (D:4)
  2 quokkas
  4 bats
  9 frilled lizards
  8 kobolds
  5 rats
108 creatures vanquished.

Notes
Turn   | Place    | Note
-------+----------+-------------------------------------------
     0 | D:1      | qw the Gargoyle Fighter began the quest for the Orb.
     0 | D:1      | Reached XP level 1. HP: 14/14 MP: 1/1
     0 | D:1      | 0 ||| qw: Version: 0.3-a-26-gee661ec
     0 | D:1      | 0 ||| qw: Game counter: 7180
     0 | D:1      | 0 ||| qw: Melee chars always use a shield: true
     0 | D:1      | 0 ||| qw: God list: Okawaru
     0 | D:1      | 0 ||| qw: Allow faded altars: false
     0 | D:1      | 0 ||| qw: Do Orc after clearing Dungeon:15 true
     0 | D:1      | 0 ||| qw: Do second Lair branch before Depths: true
     0 | D:1      | 0 ||| qw: Lair rune preference: random
     0 | D:1      | 0 ||| qw: Goals: Normal, Zot:1-4, Slime:5, God:TSO, Crypt,
                  | Tomb, Abyss, Pan, Hells, Win
     0 | D:1      | 0 ||| PLANNING D:1-11
   277 | D:1      | Reached XP level 2. HP: 19/19 MP: 2/2
   818 | D:1      | 818 ||| UPGRADING to amulet of guardian spirit.
   823 | D:1      | 823 ||| READING scroll labelled ALLASAUSOOQ.
   924 | D:1      | 924 ||| READING scroll labelled VAW GUTALATTOR.
   925 | D:1      | 925 ||| READING 2 scrolls labelled KEIMEE HOSACVO.
   926 | D:1      | 926 ||| READING scroll labelled MOH RUQOPH.
  1120 | D:2      | Reached skill level 3 in Axes
  1169 | D:2      | Reached XP level 3. HP: 20/23 MP: 1/3
  1202 | D:2      | 1202 ||| SWAPPING to +3 war axe.
  1206 | D:2      | 1206 ||| DROPPING +0 war axe.
  1273 | D:2      | 1273 ||| READING 2 scrolls of identify.
  1273 | D:2      | 1273 ||| IDENTIFYING puce potion
  1477 | D:2      | 1477 ||| Stepping ~*~*~tactically~*~*~ (stealth).
  1483 | D:2      | Reached XP level 4. HP: 24/28 MP: 4/4
  1507 | D:2      | 1507 ||| DROPPING +0 club.
  1688 | D:2      | 1688 ||| UPGRADING to +0 chain mail.
  1698 | D:2      | 1698 ||| DROPPING +0 scale mail.
  1699 | D:2      | 1699 ||| UPGRADING to ring of see invisible.
  1969 | D:3      | 1969 ||| Stepping ~*~*~tactically~*~*~ (hiding).
  2278 | D:3      | 2278 ||| Stepping ~*~*~tactically~*~*~ (hiding).
  2568 | D:3      | Reached XP level 5. HP: 25/32 MP: 3/5
  2778 | D:3      | 2778 ||| UPGRADING to +0 tower shield.
  2788 | D:3      | 2788 ||| DROPPING +0 buckler.
  2789 | D:3      | 2789 ||| UPGRADING to +0 pair of boots.
  2794 | D:3      | 2794 ||| UPGRADING to ring of protection from fire.
  2795 | D:3      | 2795 ||| READING scroll labelled QEABIOLAAP.
  2799 | D:3      | 2799 ||| READING scroll labelled QOUBEJ TIXZOU.
  2800 | D:3      | 2800 ||| READING 2 scrolls of identify.
  2800 | D:3      | 2800 ||| IDENTIFYING yellow potion
  2924 | D:4      | Noticed a phantom
  2940 | D:4      | Killed a phantom
  2941 | D:4      | Reached skill level 4 in Shields
  2996 | D:4      | 2996 ||| Stepping ~*~*~tactically~*~*~ (stealth).
  3006 | D:4      | Reached XP level 6. HP: 37/37 MP: 6/6
  3081 | D:4      | Reached skill level 5 in Shields
  3082 | D:4      | 3082 ||| READING 2 scrolls of identify.
  3082 | D:4      | 3082 ||| IDENTIFYING glowing green potion
  3094 | D:4      | Reached skill level 6 in Shields
  3276 | D:4      | Found a staircase to the Ecumenical Temple.
  3277 | D:4      | 3277 ||| PLANNING TEMPLE
  3285 | Temple   | Entered the Ecumenical Temple
  3455 | Temple   | 3455 ||| PLANNING D:1-11
  3691 | D:5      | Entered Level 5 of the Dungeon
  3693 | D:5      | 3693 ||| STAIRDANCE
  3766 | D:5      | 3766 ||| STAIRDANCE
  3817 | D:5      | Reached XP level 7. HP: 41/41 MP: 7/7
  3845 | D:5      | Reached skill level 7 in Shields
  3875 | D:5      | Found a radiant altar of Vehumet.
  3875 | D:5      | Found a sparkling altar of Nemelex Xobeh.
  3886 | D:5      | Noticed Edmund
  3897 | D:5      | HP: 7/41 [Edmund/+2 flail of venom (8)]
  3898 | D:5      | 3898 ||| DRINKING potion of heal wounds.
  3903 | D:5      | Killed Edmund
  3984 | D:5      | 3984 ||| DROPPING +0 flail.
  4015 | D:5      | Reached skill level 8 in Shields
  4132 | D:5      | Reached XP level 8. HP: 37/46 MP: 6/8
  4169 | D:5      | 4169 ||| Stepping ~*~*~tactically~*~*~ (hiding).
  4170 | D:5      | 4170 ||| Stepping ~*~*~tactically~*~*~ (hiding).
  4171 | D:5      | 4171 ||| Stepping ~*~*~tactically~*~*~ (hiding).
  4172 | D:5      | 4172 ||| Stepping ~*~*~tactically~*~*~ (hiding).
  4173 | D:5      | 4173 ||| Stepping ~*~*~tactically~*~*~ (hiding).
  4365 | D:5      | Noticed a wyvern
  4371 | D:5      | Killed a wyvern
  4372 | D:5      | Reached skill level 9 in Shields
  4464 | D:5      | 4464 ||| Stepping ~*~*~tactically~*~*~ (hiding).
  4600 | D:5      | 4600 ||| READING scroll labelled OTEETSU NOCHU.
  4601 | D:5      | 4601 ||| READING scroll labelled SAUCLE IDIA.
  4703 | D:6      | Noticed a yak
  4716 | D:6      | Killed a yak
  4717 | D:6      | Reached skill level 6 in Axes
  4723 | D:6      | You fall into a shaft and drop 2 floors!
  4791 | D:8      | Found a hide-covered altar of Uskayaw.
  4802 | D:8      | Found a staircase to the Lair.
  4803 | D:8      | Found a white marble altar of Elyvilon.
  4859 | D:8      | 4859 ||| READING 2 scrolls of identify.
  4859 | D:8      | 4859 ||| IDENTIFYING murky silvery potion
  4868 | D:8      | 4868 ||| Stepping ~*~*~tactically~*~*~ (hiding).
  4870 | D:8      | 4870 ||| Stepping ~*~*~tactically~*~*~ (hiding).
  4872 | D:8      | 4872 ||| Stepping ~*~*~tactically~*~*~ (hiding).
  4879 | D:8      | Reached skill level 1 in Dodging
  4894 | D:8      | HP: 5/48 [orc priest/divine providence (12)]
  4895 | D:8      | Reached skill level 10 in Shields
  4895 | D:8      | Reached XP level 9. HP: 6/52 MP: 0/9
  4896 | D:8      | Killed from afar by an orc priest

Levels and vault maps discovered:
D:1:      minmay_arrival_pointy, layout_basic, chequers_mini_garden
D:2:      layout_loops_ring, kennysheep_small_spiral, nrook_mini_vaults,
          solitary_fountain, nrook_campfire, mrwooster_statue_mirror,
          glass_columns_a, minmay_misc_feat_more_columns
D:3:      layout_basic, serial_park_tiny_2
D:4:      layout_basic, minmay_temple_entry_junction, grunt_ministairs_14,
          chequers_serial_rivers_small_3, minmay_checkerbox
D:5:      layout_rooms, jmf_multi_god_temple, grunt_ministairs_9,
          minmay_hedge_maze, st_stairs_13, minmay_misc_feat_rugged, uniq_edmund
D:6:      layout_basic, minmay_microvault
D:8:      layout_basic, mainiacjoe_overflow_catwalk_spiral, lair_entry_dummy,
          uniq_erica, uniq_pikel
Temple:   chequers_temple_sunken

Skill      XL: |  1  2  3  4  5  6  7  8 |
---------------+-------------------------+-----
Axes           | 2 3 4 5 6 |  6.2
Shields        | 4 6 8 10 | 10.0
Fighting       | 4 |  4.0
Dodging        | 1 |  1.1
Armour         | |  3.2

Action                     |  1- 3 |  4- 6 |  7- 9 || total
---------------------------+-------+-------+-------++-------
  Melee: War axe           |   103 |   111 |   130 ||   344
  Throw: Boomerang         |       |    22 |    51 ||    73
    Use: Scroll            |     5 |     4 |     3 ||    12
         Potion            |       |       |     1 ||     1
 Armour: Scale mail        |    43 |     8 |       ||    51
         Chain mail        |       |    40 |    75 ||   115
  Dodge: Dodged            |    37 |    27 |    29 ||    93
  Block: Buckler           |    17 |     1 |       ||    18
         Tower shield      |       |    69 |   110 ||   179

Table legend:
 A = Non-vault XP
 B = Vault XP
 C = Vault XP percentage of total XP
 D = Non-vault monster count
 E = Vault monster count
 F = Vault count percentage of total count
                 A         B        C        D         E       F
            +---------+---------+-------+---------+---------+-------
      Total |    1707 |     690 |  28.8 |      92 |      16 |  14.8
            +---------+---------+-------+---------+---------+-------
        D:1 |      21 |       0 |   0.0 |      15 |       0 |   0.0
        D:2 |     102 |       0 |   0.0 |      26 |       0 |   0.0
        D:3 |      51 |       0 |   0.0 |      10 |       0 |   0.0
        D:4 |     165 |     276 |  62.6 |      18 |      10 |  35.7
        D:5 |     931 |     198 |  17.5 |      14 |       5 |  26.3
        D:6 |     134 |     216 |  61.7 |       4 |       1 |  20.0
        D:8 |     303 |       0 |   0.0 |       5 |       0 |   0.0
            +---------+---------+-------+---------+---------+-------
